 Dungeon Crawl Stone Soup version 0.32-a0-433-g08bcfe7efd (webtiles) character file.

Game seed: 8214496768490563169

11710 garrulousMonolith the Cleaver (level 11, -3/97 HPs)
             Began as a Mountain Dwarf Fighter on Feb 22, 2024.
             Was a Priest of Beogh.
             Slain by Ognian the orc apostle
             ... wielding the +12 long sword of Wathizoi {venom, rF+++ Int-3 Dex-4 SInv}
              (9 damage)
             ... on level 11 of the Dungeon.
             The game lasted 00:17:34 (11064 turns).

garrulousMonolith the Cleaver (MDFi)               Turns: 11064, Time: 00:17:34

Health: -3/97      AC: 19    Str: 18    XL:     11   Next: 52%
Magic:  18/18      EV: 11    Int: 12    God:    Beogh [***...]
Gold:   452        SH:  6    Dex: 11    Spells: 10/10 levels left

rFire   . . .        a - +0 war axe
rCold   . . .        c - +0 buckler
rNeg    . . .        K - +0 plate armour
rPois   .            x - +0 helmet
rElec   .            I - +0 cloak
rCorr   +            G - +0 pair of gloves
SInv    .            g - +0 pair of boots
Will    +....        (no amulet) Stlth
                     l - +5 ring of evasion
HPRegen 0.36/turn    d - ring of resist corrosion
MPRegen 0.16/turn

%: no passive effects
@: lethally poisoned (-3 -> -16)
A: runic magic, artefact enchanting
a: Renounce Religion, Smiting, Recall Apostles, Dismiss Hilgar, priest


You were on level 11 of the Dungeon.
You worshipped Beogh.
Beogh was most pleased with you.
You visited 2 branches of the dungeon, and saw 12 of its levels.

You collected 852 gold pieces.
You spent 400 gold pieces at shops.

Inventory:

Hand Weapons
 a - a +0 war axe (weapon)
 n - a +0 sling
 E - a +1 trident of protection
Missiles
 i - 6 javelins
 B - 2 throwing nets (quivered)
Armour
 c - a +0 buckler (worn)
 g - a +0 pair of boots (worn)
 x - a +0 helmet (worn)
 F - the +0 chain mail of Xutis {rN+ Will+}
   (You bought it in a shop on level 7 of the Dungeon)

   rN+:       It protects you from negative energy.
   Will+:     It increases your willpower.
 G - a +0 pair of gloves (worn)
 I - a +0 cloak (worn)
 K - a +0 plate armour (worn)
Jewellery
 d - a ring of resist corrosion (right hand)
 k - a +6 ring of intelligence
 l - a +5 ring of evasion (left hand)
 r - a ring of fire
Wands
 J - a wand of charming (2)
 L - a wand of flame (6)
Scrolls
 e - 3 scrolls of amnesia
 f - 2 scrolls of blinking
 h - a scroll of revelation {unknown}
 q - a scroll of silence
 s - a scroll of butterflies {unknown}
 t - a scroll of noise {unknown}
 u - a scroll of vulnerability
 v - 2 scrolls of poison
 w - 4 scrolls of enchant weapon
 y - 4 scrolls of teleportation
 z - 3 scrolls of enchant armour
Potions
 p - a potion of brilliance
 A - a potion of magic
 C - 3 potions of cancellation
 H - 2 potions of mutation


   Skills:
 + Level 9.0 Fighting
 * Level 13.0 Axes
 + Level 9.1 Armour
 + Level 8.8 Shields
 + Level 9.6 Invocations


You had 10 spell levels left.
You didn't know any spells.
Your spell library contained the following spells:

 Spells                   Type           Power      Damage    Failure   Level
 Inner Flame              Hex/Fire       0%         N/A       95%         3
 Irradiate                Conj/Alch      0%         3d11      100%        5
 Ignition                 Fire           0%         3d3       100%        8


Dungeon Overview and Level Annotations

Branches:
Dungeon (11/15)            Temple (1/1) D:4            Lair (0/5) D:9
    Orc: D:9-12

Altars:
Ashenzari
Cheibriados
Dithmenos
Elyvilon
Fedhas
Gozag
Hepliaklqana
Kikubaaqudgha
Makhleb
Nemelex Xobeh
Okawaru
Qazlal
Ru
Sif Muna
Trog
Uskayaw
Vehumet
Wu Jian
Xom
Yredelemnul
Zin
The Shining One

Shops:
D:6 *!   D:7 [=[*(   D:10 (

Annotations:
D:2 1 runed translucent door, Crazy Yiuf
D:4 3 runed translucent doors, Azoth's ghost, novice CoHu
D:10 1 runed translucent door, soul19's ghost, journeyman DsSh


Innate Abilities, Weirdness & Mutations

Your facial features look somewhat orcish.
Your spellcasting is much less encumbered by armour.
You can use scrolls of enchantment on lesser artefacts.


Message History

Here: Ognian the orc apostle, wielding the +12 long sword of Wathizoi {venom, rF+++ Int-3 Dex-4 SInv} and wearing a +4 chain mail (lightly wounded, empowered by the touch of Beogh)
The floor.
You feel sick.
You see here a komodo dragon corpse.
You feel sick.
Things that are here:
+0 acid dragon scales; an acid dragon corpse You feel sick.
You feel sick.
You feel sick.
You feel sick.
You feel sick.
You feel sick.
You are no longer poisoned.
Okay, then.
Aiming: Throw Flame
Press: ? - help, Shift-Dir - straight line, f/p - Ognian
Aim: Ognian the orc apostle, wielding the +12 long sword of Wathizoi {venom, rF+++ Int-3 Dex-4 SInv} and wearing a +4 chain mail (empowered by the touch of Beogh, 64% to hit)
The puff of flame hits Ognian.
Ognian completely resists.
Okay, then.
Aiming: Charm
Press: ? - help, Shift-Dir - straight line, f/p - Ognian
Aim: Ognian the orc apostle, wielding the +12 long sword of Wathizoi {venom, rF+++ Int-3 Dex-4 SInv} and wearing a +4 chain mail (empowered by the touch of Beogh, chance to affect: 43%) Ognian resists with some effort.
You completely miss Ognian. You closely miss Ognian.
Ognian hits you but does no damage.
You hit Ognian.
Ognian is lightly wounded.
Ognian closely misses you.
You hit Ognian but do no damage.
Ognian hits you with the +12 long sword of Wathizoi {venom, rF+++ Int-3 Dex-4 SInv}!
* * * LOW HITPOINT WARNING * * *
You are lethally poisoned!
You hit Ognian.
Ognian is lightly wounded.
* * * LOW HITPOINT WARNING * * *
You feel very sick.
Ognian hits you with the +12 long sword of Wathizoi {venom, rF+++ Int-3 Dex-4 SInv}!
You die...
Beogh appreciates Ognian's killing of a heretic priest.

..###.............##
##<..##
)###......#########
##.## ##...#...#
########.# ##......#
#........# ...#)####
#.######## ####.# #.#
#.# #†#
####.##############.#
...............o@÷..#
#####################


You could see Ognian the orc apostle (divinely empowered).

Vanquished Creatures
  A hydra (D:11)
  3 two-headed ogres
  A cyclops (D:11)
  2 manticores
  A komodo dragon (D:11)
  2 hornets
  A shadow (D:5)
  A wyvern (D:9)
  10 yaks
  5 steam dragons
  2 acid dragons
  A water moccasin (D:7)
  4 black bears
  2 orc warriors (D:9)
  A sky beast (D:8)
  3 ogres
  2 centaurs
  2 kobold brigands
  4 bullfrogs
  2 scorpions (D:6)
  5 killer bees (D:11)
  6 howler monkeys
  2 orc priests
  2 jellies
  A gnoll bouda (D:5)
  3 hounds
  3 iguanas
  A sleepcap (D:6)
  3 orc wizards
  Robin (D:4)
  4 gnolls (D:3)
  10 adders
  2 white imps
  2 ufetubi (D:6)
  2 dart slugs
  A ribbon worm (D:5)
  12 orcs
  5 endoplasms
  4 giant cockroaches
  17 goblins
  9 hobgoblins
  7 jackals
  13 kobolds
  5 quokkas
  3 ball pythons (D:3)
  3 bats
  4 frilled lizards (D:2)
  A rat (D:2)
181 creatures vanquished.

Vanquished Creatures (collateral kills)
  A two-headed ogre (D:10)
  2 cyclopes (D:11)
  An unseen horror (D:11)
  A troll (D:10)
  A shadow (D:10)
  A yak (D:11)
  An acid dragon (D:9)
  A howler monkey (D:11)
  An orc wizard (D:11)
10 creatures vanquished.

Vanquished Creatures (others)
  An orc apostle (D:11)
  4 orcs
5 creatures vanquished.

Grand Total: 196 creatures vanquished

Notes
Turn   | Place    | Note
-------+----------+-------------------------------------------
     0 | D:1      | garrulousMonolith the Mountain Dwarf Fighter began the
                  | quest for the Orb.
     0 | D:1      | Reached XP level 1. HP: 19/19 MP: 1/1
   221 | D:1      | Reached XP level 2. HP: 26/26 MP: 2/2
   431 | D:1      | Found a faded altar of an unknown god.
  1210 | D:2      | Reached skill level 1 in Invocations
  1294 | D:2      | Reached skill level 3 in Axes
  1459 | D:2      | Reached XP level 3. HP: 26/31 MP: 2/4
  1887 | D:2      | Found a runed translucent door.
  1888 | D:2      | Noticed Crazy Yiuf
  2154 | D:3      | Reached XP level 4. HP: 40/40 MP: 5/5
  2417 | D:3      | Reached skill level 4 in Axes
  2542 | D:3      | Became a worshipper of Beogh the Shepherd
  2654 | D:3      | Reached XP level 5. HP: 46/46 MP: 6/6
  3018 | D:4      | Noticed an ogre
  3025 | D:4      | Killed an ogre
  3117 | D:4      | Found a staircase to the Ecumenical Temple.
  3140 | Temple   | Entered the Ecumenical Temple
  3361 | D:4      | Noticed an ice beast
  3363 | D:4      | Noticed an ice beast
  3363 | D:4      | Noticed Azoth's ghost (novice CoHu)
  3446 | D:4      | Found a runed translucent gate.
  3446 | D:4      | Found a runed translucent gate.
  3446 | D:4      | Found a runed translucent gate.
  3582 | D:4      | Reached XP level 6. HP: 52/52 MP: 8/8
  3587 | D:4      | Reached * piety under Beogh
  3636 | D:4      | Noticed Robin
  3650 | D:4      | Killed Robin
  3651 | D:4      | Reached skill level 5 in Axes
  3915 | D:5      | Entered Level 5 of the Dungeon
  4235 | D:5      | Reached XP level 7. HP: 60/60 MP: 9/9
  4631 | D:6      | Noticed a shadow
  4646 | D:5      | Killed a shadow
  4647 | D:5      | Reached skill level 5 in Fighting
  4647 | D:5      | Reached skill level 6 in Axes
  4647 | D:5      | Reached skill level 5 in Armour
  4803 | D:6      | Reached skill level 5 in Shields
  4943 | D:6      | Found Oneitof's Distillery.
  4957 | D:6      | Bought a potion of berserk rage for 60 gold pieces
  5056 | D:6      | Found Ledomper's Lightly-Used Armoury.
  5061 | D:6      | Reached XP level 8. HP: 56/68 MP: 11/11
  5284 | D:6      | Reached skill level 7 in Axes
  5376 | D:6      | Reached skill level 5 in Invocations
  5409 | D:6      | Reached ** piety under Beogh
  6001 | D:7      | Found Vylouhosch's Antique Weapon Shop.
  6009 | D:7      | Found Neacigh's Assorted Antiques.
  6164 | D:7      | Reached skill level 8 in Axes
  6484 | D:7      | Found Toenunobb's Jewellery Boutique.
  6494 | D:7      | Found Puibra's Armour Boutique.
  6499 | D:7      | Bought the +0 chain mail of Xutis {rN+ Will+} for 340 gold
                  | pieces
  6571 | D:7      | Found Reutzeor's Armour Boutique.
  6755 | D:8      | Noticed a hornet
  6762 | D:8      | Reached XP level 9. HP: 67/75 MP: 13/13
  6770 | D:8      | Paralysed by a hornet for 1 turns
  6977 | D:8      | Reached skill level 9 in Axes
  7497 | D:8      | Noticed a two-headed ogre
  7509 | D:8      | Killed a two-headed ogre
  7510 | D:8      | Reached skill level 10 in Axes
  7611 | D:8      | Noticed a two-headed ogre
  7623 | D:8      | Killed a two-headed ogre
  7624 | D:8      | Reached XP level 10. HP: 52/86 MP: 15/15
  8160 | D:9      | Paralysed by a hornet for 3 turns
  8167 | D:9      | Paralysed by a hornet for 1 turns
  8171 | D:9      | Reached *** piety under Beogh
  8175 | D:9      | Reached skill level 11 in Axes
  8186 | D:9      | Noticed Hilgar
  8213 | D:9      | Anointed Hilgar the priest as your apostle
  8490 | D:9      | Found a staircase to the Lair.
  8503 | D:9      | Noticed a two-headed ogre
  8513 | D:9      | Killed a two-headed ogre
  9292 | D:10     | Entered Level 10 of the Dungeon
  9309 | D:10     | Noticed a two-headed ogre
  9311 | D:10     | Found Jeqa's Weapon Shoppe.
  9319 | D:10     | Killed a two-headed ogre
  9826 | D:10     | Noticed a manticore
  9837 | D:10     | Killed a manticore
  9838 | D:10     | Reached skill level 12 in Axes
  9916 | D:10     | Found a runed translucent door.
  9917 | D:10     | Found a shimmering altar of Xom.
  9917 | D:10     | Noticed a +1 mace of chaos
  9920 | D:10     | Noticed soul19's ghost (journeyman DsSh)
 10003 | D:10     | Found a snail-covered altar of Cheibriados.
 10257 | D:11     | Noticed a cyclops
 10265 | D:11     | Killed a cyclops
 10266 | D:11     | Reached XP level 11. HP: 54/95 MP: 17/17
 10871 | D:11     | Noticed a four-headed hydra
 10887 | D:11     | Killed a five-headed hydra
 10906 | D:11     | Your ally Hilgar died
 10917 | D:11     | Reached skill level 13 in Axes
 10938 | D:11     | Found a burning altar of Makhleb.
 11023 | D:11     | Identified the +12 long sword of Wathizoi {venom, rF+++
                  | Int-3 Dex-4 SInv}
 11064 | D:11     | Slain by Ognian the orc apostle

Illustrated notes

Levels and vault maps discovered:
D:1:      elethiomel_arrival_fortress_basement, layout_basic,
          shapermc_ecumenical_altar_gd, minmay_misc_feat_encased,
          chequers_serial_rivers_marsh
D:2:      layout_basic, uniq_crazy_yiuf_cottage
D:3:      layout_basic
D:4:      kennysheep_goblin_castle, layout_loops_cross,
          minmay_temple_entry_wispy, gammafunk_ghost_icy
D:5:      layout_rooms, minmay_starry_boxes
D:6:      layout_basic, serial_shops, shop, minmay_shop_damaged,
          chequers_serial_rivers_small_b, kennysheep_generic_room_13
D:7:      layout_loops_ring, serial_shops, shop, nicolae_shop_hallway_plus,
          shop, shop, nicolae_shop_crystal
D:8:      layout_loops_ring, nrook_loot_triangle
D:9:      layout_roguey, dpeg_oklobed_lair
D:10:     layout_rooms, chei_slow_surprise, ebering_ghost_xom, serial_shops,
          nicolae_diamond_shop
D:11:     layout_loops_ring, kennysheep_another_room, minmay_ruined_shrine
Temple:   mainiacjoe_temple_hex_bubbles

Skill      XL: |  1  2  3  4  5  6  7  8  9 10 11 |
---------------+----------------------------------+-----
Invocations    | 1 2 3 4 5 7 8 9 |  9.6
Axes           | 3 4 5 6 8 10 12 13 | 13.0
Fighting       | 4 5 6 7 8 9 |  9.0
Shields        | 4 5 6 7 8 |  8.8
Armour         | 4 5 6 7 8 9 |  9.1

Action                     |  1- 3 |  4- 6 |  7- 9 | 10-12 || total
---------------------------+-------+-------+-------+-------++-------
  Melee: War axe           |    88 |   192 |   277 |   217 ||   774
         Trident           |       |       |       |    37 ||    37
  Throw: Javelin           |       |       |     4 |       ||     4
         Throwing net      |       |       |     3 |       ||     3
 Invoke: Convert to Beogh  |       |     1 |       |       ||     1
         Recruit Apostle   |       |       |       |     1 ||     1
         Smiting           |       |       |       |     8 ||     8
         Recall Apostles   |       |       |       |     1 ||     1
  Evoke: Wand              |       |       |     8 |    18 ||    26
    Use: Potion            |     1 |     1 |     4 |    12 ||    18
         Scroll            |       |       |     7 |     9 ||    16
   Stab: Held in net/web   |       |       |     1 |       ||     1
         Distracted        |       |       |       |     2 ||     2
 Armour: Scale mail        |    55 |   120 |    92 |       ||   267
         Chain mail        |       |       |    84 |   101 ||   185
         Plate armour      |       |       |       |   106 ||   106
  Dodge: Dodged            |    56 |   160 |   157 |   122 ||   495
  Block: Buckler           |    17 |    66 |    73 |    70 ||   226

Table legend: (Time is in decaauts)
 A = Elapsed time spent in this place.
 B = Non-inter-level travel time spent in this place.
 C = Inter-level travel time spent in this place.
 D = Time resting spent in this place.
 E = Time spent auto-exploring this place.
 F = Levels seen in this place.
 G = Mean time per level.
                   A        B        C        D        E       F      G
               +--------+--------+--------+--------+--------+-----+--------+
         Total |  11183 |  10940 |    243 |   2167 |   6889 |  12 |  931.9 |
       Dungeon |  11181 |  10938 |    243 |   2167 |   6889 |  11 | 1016.5 |
        Temple |      1 |      1 |      0 |      0 |      0 |   1 |    1.0 |
               +--------+--------+--------+--------+--------+-----+--------+

Top non-repeatable levels by time:
     D:9: 1347 daAuts
     D:8: 1234 daAuts
     D:6: 1171 daAuts
     D:1: 1152 daAuts
     D:4: 998 daAuts
    D:10: 955 daAuts
     D:3: 949 daAuts
     D:2: 894 daAuts
     D:5: 868 daAuts
     D:7: 808 daAuts
    D:11: 801 daAuts
  Temple: 1 daAuts
